AoeStats
← 联通专业户

Arabia

510294009Analyzed
1v1 RM · 1d ago on Sep 30, 2026· 23m 21s· 2 players
Game mode
Random Map
Map size
Tiny (2 player)
Population
200
Speed
Normal
Resources
Standard
Victory
Conquest
Starting age
Dark Age
Ending age
Imperial Age
RankedLock teamsTeams togetherTeam positionsShared explorationLock speedFull tech treeHidden civsTurbo modeCheats
Victory
Defeat
🇺🇸 Inca · United States
1133
+17
🇨🇳 Chinese · China
1156
-17
The Emu
6:19 Loom
9:55 Feudal Age
10:00 Champi Runner
14:08 Forging
14:22 Arson
16:00 Scale Mail Armor
17:53 Double-Bit Axe
17:51 Horse Collar
23:10 Castle Age
23:19 Gold Mining
联通专业户
0:27 Loom
9:26 Feudal Age
9:59 Double-Bit Axe
10:24 Horse Collar
21:41 Castle Age
23:46 Wheelbarrow
Connection lost

Rejoining the realm…

Still unreachable

The connection could not be restored.

Session expired

The server has moved on; the page needs a fresh start.